 Dungeon Crawl Stone Soup version 0.31-a0-816-gd61d57ddb1 (webtiles) character file.

Game seed: 9934352960773986549

206940 GordonOverkill the Devastator (level 19, -8/125 HPs)
             Began as a Kobold Delver on Sept 21, 2023.
             Was an Elder of Sif Muna.
             Killed from afar by Bai Suzhen (32 damage)
             ... with a torrent of water
             ... on level 3 of the Swamp.
             The game lasted 02:02:12 (54675 turns).

GordonOverkill the Devastator (Kobold Delver)      Turns: 54675, Time: 02:02:12

Health: -8/125     AC: 14    Str: 11      XL:     19   Next: 44%
Magic:  1/47       EV: 20    Int: 19 (20) God:    Sif Muna [****..]
Gold:   3351       SH:  8    Dex: 19      Spells: 2/42 levels left

rFire   + + +        Q - +5 dagger (venom)
rCold   + . .        a - +2 buckler of the Earth {Will++}
rNeg    + . .        G - +4 leather armour of Objectivity {Rampage rPois rF+ rN+ Regen+}
rPois   +            W - +1 helmet "Sennul" {rF+ Regen+ Int+3 Dex+2 SInv}
rElec   .            N - scarf {rC+ rF+}
rCorr   .            O - +2 pair of gloves
SInv    +            P - +1 pair of boots
Will    +++..        e - amulet of regeneration
Stlth   +            U - ring of wizardry
HPRegen 2.80/turn    n - ring of magical power
MPRegen 0.30/turn

%: rampage, wizardry (x1)
@: contaminated, glowing, very slow
A: small, no large weapons, nightstalker 3, thin skeletal structure 1, clumsy 1,
deterioration 1, high MP 1, mutation resistance 1, robust 1
}: 1/15 runes: gossamer
a: Renounce Religion, Channel Magic, Forget Spell, Divine Exegesis


You were on level 3 of the Swamp.
You worshipped Sif Muna.
Sif Muna was greatly pleased with you.
You visited 6 branches of the dungeon, and saw 30 of its levels.
You also visited: Ossuary.

You collected 5129 gold pieces.
You spent 1778 gold pieces at shops.

Inventory:

Hand Weapons
 k - the +1 broad axe of the Original Sin {vamp, MP+9 Str+3 Int+2}
   (You found it on level 6 of the Dungeon)

   Str+3:     It affects your strength (+3).
   Int+2:     It affects your intelligence (+2).
   MP+9:      It affects your magic capacity (+9).
 E - a +1 rapier of protection
 Q - a +5 dagger of venom (weapon)
Missiles
 q - 8 atropa-tipped darts
 v - 6 curare-tipped darts (quivered)
Armour
 a - the +2 buckler of the Earth (worn) {Will++}
   (You took it off a goblin on level 4 of the Dungeon)

   Will++:    It greatly increases your willpower.
 x - a +2 cloak
 G - the +4 leather armour of Objectivity (worn) {Rampage rPois rF+ rN+ Regen+}
   (You bought it in a shop on level 3 of the Dungeon)

   rF+:       It protects you from fire.
   rPois:     It protects you from poison rN+: It protects you from negative
   energy.
   Regen+:    It increases your rate of health regeneration.
   Rampage:   It bestows one free step when moving towards enemies.
 N - a scarf of resistance (worn)
 O - a +2 pair of gloves (worn)
 P - a +1 pair of boots (worn)
 W - the +1 helmet "Sennul" (worn) {rF+ Regen+ Int+3 Dex+2 SInv}
   (You found it on level 15 of the Dungeon)

   Int+3:     It affects your intelligence (+3).
   Dex+2:     It affects your dexterity (+2).
   rF+:       It protects you from fire.
   SInv:      It lets you see invisible.
   Regen+:    It increases your rate of health regeneration.
Jewellery
 e - an amulet of regeneration (around neck)
 l - a ring of poison resistance
 n - a ring of magical power (right hand)
 r - a ring of fire
 H - a ring of wizardry
 I - an amulet of reflection
 J - an amulet of faith
 U - a ring of wizardry (left hand)
 X - a ring of willpower
 Y - a ring of protection from fire
Wands
 c - a wand of roots (23)
 p - a wand of flame (13)
 u - a wand of polymorph (15)
 F - a wand of digging (4)
 L - a wand of charming (17)
Scrolls
 d - 4 scrolls of revelation
 h - 3 scrolls of teleportation
 m - a scroll of torment
 t - 2 scrolls of amnesia
 y - 4 scrolls of identify
 M - 4 scrolls of vulnerability
 R - 3 scrolls of fog
 S - 3 scrolls of immolation
 T - 4 scrolls of poison
 V - a scroll of enchant armour
Potions
 b - a potion of cancellation
 g - 2 potions of berserk rage
 i - 2 potions of lignification
 j - a potion of mutation
 o - 2 potions of might
 s - 2 potions of magic
 w - 3 potions of attraction
 z - 4 potions of brilliance
 C - 2 potions of enlightenment
 D - a potion of haste
 K - a potion of resistance
 Z - 4 potions of ambrosia
Miscellaneous
 f - a box of beasts
 A - a tin of tremorstones (1/2)
 B - a phantom mirror


   Skills:
 - Level 11.0 Fighting
 - Level 10.0(14.3) Short Blades
 - Level 10.9(11.6) Long Blades
 - Level 10.0 Dodging
 - Level 7.0 Stealth
 - Level 5.0 Shields
 - Level 12.0 Spellcasting
 + Level 17.2 Conjurations
 - Level 10.0 Hexes
 - Level 6.0 Necromancy
 - Level 10.0 Transmutations
 - Level 5.0 Ice Magic
 - Level 6.0 Earth Magic
 - Level 5.0 Invocations
 - Level 3.0 Evocations


You had 2 spell levels left.
You knew the following spells:

 Your Spells              Type           Power      Damage    Failure   Level
a - Ensorcelled Hibernat  Hex/Ice        78%        N/A       1%          2
b - Jinxbite              Hex            98%        N/A       1%          2
c - Irradiate             Conj/Tmut      29%        3d21      1%          5
d - Dazzling Flash        Conj/Hex       100%       N/A       1%          3
e - Maxwell's Capacitive  Air            5%         ∞         100%        8
f - Cause Fear            Hex            24%        N/A       1%          4
g - Petrify               Tmut/Erth      41%        N/A       1%          4
h - Orb of Destruction    Conj           33%        9d10      3%          7
i - Borgnjor's Vile Clut  Necr/Erth      17%        N/A       11%         5

Your spell library contained the following spells:

 Spells                   Type           Power      Damage    Failure   Level
 Magic Dart               Conj           100%       1d8       0%          1
 Searing Ray              Conj           100%       2d8       0%          2
 Foxfire                  Conj/Fire      100%       2x1d9     1%          1
 Necrotise                Necr           100%       1d9       1%          1
 Sandblast                Erth           68%        2d15      1%          1
 Passwall                 Tmut/Erth      34%        N/A       1%          2
 Static Discharge         Conj/Air       88%        2-6/arc   1%          2
 Sublimation of Blood     Necr           34%        N/A       1%          2
 Wereblood                Tmut           49%        N/A       1%          2
 Apportation              Tloc           22%        N/A       4%          1
 Summon Small Mammal      Summ           44%        N/A       4%          1
 Frozen Ramparts          Ice            60%        1d10      1%          3
 Hailstorm                Conj/Ice       52%        3d12      1%          3
 Mephitic Cloud           Conj/Pois/Air  33%        N/A       1%          3
 Stone Arrow              Conj/Erth      100%       3d13      1%          3
 Summon Guardian Golem    Hex/Summ       30%        N/A       1%          3
 Tukima's Dance           Hex            49%        N/A       1%          3
 Vampiric Draining        Necr           34%        2d8       1%          3
 Anguish                  Hex/Necr       20%        N/A       1%          4
 Brom's Barrelling Bould  Conj/Erth      53%        2d7       1%          4
 Fulminant Prism          Conj/Hex       29%        3d13      1%          4
 Leda's Liquefaction      Hex/Erth       20%        N/A       1%          4
 Sticky Flame             Conj/Fire      44%        2d6       1%          4
 Iskenderun's Battlesphe  Conj           67%        2d12      1%          5
 Yara's Violent Unravell  Hex/Tmut       24%        3d11      1%          5
 Ignite Poison            Fire/Tmut/Pois 24%        N/A       3%          3
 Fireball                 Conj/Fire      22%        3d10      3%          5
 Metabolic Englaciation   Hex/Ice        19%        N/A       6%          5
 Agony                    Necr           34%        N/A       11%         5
 Lee's Rapid Deconstruct  Erth           17%        3d10*     11%         5
 Call Canine Familiar     Summ           11%        N/A       13%         3
 Swiftness                Air            11%        N/A       13%         3
 Volatile Blastmotes      Fire/Tloc      22%        2d11      13%         3
 Summon Ice Beast         Ice/Summ       20%        N/A       16%         4
 Conjure Ball Lightning   Conj/Air       22%        3x3d6     21%         6
 Starburst                Conj/Fire      22%        6d7       21%         6
 Airstrike                Air            5%         2d(1-17)  38%         4
 Passage of Golubria      Tloc           11%        N/A       38%         4
 Summon Lightning Spire   Summ/Air       11%        N/A       38%         4
 Enfeeble                 Hex            24%        N/A       50%         7
 Spellforged Servitor     Conj/Summ      22%        N/A       69%         7
 Plasma Beam              Fire/Air       5%         2x1d16    99%         6
 Borgnjor's Revivificati  Necr           17%        N/A       100%        8
 Ignition                 Fire           5%         3d4       100%        8
 Summon Horrible Things   Summ           5%         N/A       100%        8
 Chain Lightning          Conj/Air       22%        3d29      100%        9
 Fire Storm               Conj/Fire      22%        8d6       100%        9
 Shatter                  Erth           17%        3d16*     100%        9


Dungeon Overview and Level Annotations

Branches:
Dungeon (15/15)            Temple (1/1) D:7            Lair (5/5) D:8
  Swamp (3/4) Lair:2       Spider (4/4) Lair:3        Slime (0/5) Lair:5
    Orc (2/2) D:9             Elf (0/3) Orc:2        Vaults (0/5) D:13
 Depths (0/4) D:15        Ossuary (visited)

Altars:
Ashenzari
Cheibriados
Dithmenos
Elyvilon
Fedhas
Gozag
Hepliaklqana
Kikubaaqudgha
Makhleb
Nemelex Xobeh
Okawaru
Qazlal
Ru
Sif Muna
Trog
Uskayaw
Vehumet
Wu Jian
Xom
Yredelemnul
Zin
The Shining One
Jiyva
Lugonu

Shops:
D:3 [   D:6 [*   Orc:2 [(:!

Portals:
Abyss: Lair:5

Annotations:
D:3 Vontreibholz's ghost, novice HOFi
D:6 exclusion: iguana
Swamp:3 Bai Suzhen
Spider:2 3 runed translucent doors, Hutybuo's ghost, adept HuCj; Ulaiz's ghost, adept OpSu; Vitacs's ghost, adept DrIE; kuniqs's ghost, adept VSBe


Innate Abilities, Weirdness & Mutations

You are small and have problems with some larger weapons.
You are completely attuned to the shadows.
You have a somewhat thin skeletal structure. (Dex +2, Stealth+)
You are clumsy. (Dex -2)
Your body sometimes deteriorates upon taking damage.
You have an increased reservoir of magic. (+10% MP)
You are somewhat resistant to further mutation.
You are robust. (+10% HP)


Message History

Bai Suzhen twists and deforms.
You are lightly contaminated with residual magic.
Bai Suzhen misses you.
Bai Suzhen claws you but does no damage.
Bai Suzhen tramples you!
You stumble backwards!
Splash!
Casting: Irradiate (mildly dangerous; 1% risk of failure)
Confirm with . or Enter, or press ? or * to list all spells.
You erupt in a fountain of uncontrolled magic!
Bai Suzhen is blasted with magical radiation!!
Bai Suzhen is severely wounded.
Bai Suzhen twists and deforms.
You are contaminated with residual magic.
Bai Suzhen completely misses you. You block Bai Suzhen's attack.
Bai Suzhen closely misses you.
Casting: Irradiate (mildly dangerous; 1% risk of failure)
Confirm with . or Enter, or press ? or * to list all spells.
Aiming: Orb of Destruction (dangerous; 3% risk of failure)
Press: ? - help, Shift-Dir - straight line, f/p - Bai Suzhen
Aim: Bai Suzhen (severely wounded, surrounded by thunder, catching her breath, misshapen and mutated)
The wavering orb of destruction weakly hits Bai Suzhen!!
Bai Suzhen is severely wounded.
You are engulfed in a thunderstorm.
* * * LOW HITPOINT WARNING * * *
You feel less invigorated.
Bai Suzhen bites you but does no damage.
You block Bai Suzhen's attack. Bai Suzhen tramples you.
* * * LOW HITPOINT WARNING * * *
You stumble backwards!
Splash!
Casting: Orb of Destruction (dangerous; 3% risk of failure)
Confirm with . or Enter, or press ? or * to list all spells.
You erupt in a fountain of uncontrolled magic!
Bai Suzhen is blasted with magical radiation!!
Bai Suzhen is almost dead.
Bai Suzhen twists and deforms.
You are engulfed in a thunderstorm.
* * * LOW HITPOINT WARNING * * *
Bai Suzhen breathes water at you. The torrent of water hits you!!
You die...

...♣..♣. ...♣.♣♣.
♣~...♣.. ♣♣~.[.♣..
♣~~.♣.♣.. ~(.♣..♣..
♣♣♣♣♣♣♣.~..♣♣.♣
♣♣♣♣♣~~~.§D..~.♣..♣
♣~@D§§~~~§§§.~.♣..♣
..~.§~§~~~§.~~.~.♣..♣
~~~~~.♣~~.~.~♣...♣.≈♣
.~~~~~~~~.~.♣~~......
~~~♣~.~.~§~.~~~~♣♣♣♣♣
♣~♣~~...~.♣ ~
♣♣♣.~.~♣~♣♣ ~.
♣♣.~~..~♣
♣~~♣♣♣♣.<~~~~.♣


You could see Bai Suzhen (clouds, catching breath, misshapen).

Vanquished Creatures
  Arachne (Spider:3)
  Jorgrun (Orc:2)
  Frances (Swamp:2)
  Kirke (Swamp:2)
  Agnes (Spider:3)
  Roxanne (Swamp:1)
  A thorn hunter (Swamp:1)
  A frost giant (D:15)
  4 emperor scorpions
  6 ghost moths
  A caustic shrike zombie (D:15)
  An orc warlord (D:9)
  A broodmother (Spider:3)
  4 eleionomae
  A spectral titan (D:15)
  The ghost of Foiz Zao the Brawler, a journeyman DrMo of Yredelemnul (D:15)
  10 spark wasps
  5 bunyips
  The ghost of Wonecvov the Carver, a journeyman DsBe of Trog (D:12)
  4 entropy weavers
  Erolcha (Orc:2)
  6 ghost crabs
  A salamander tyrant (D:14)
  An ogre mage (D:13)
  2 catoblepae (Lair:5)
  4 jorogumos
  6 hydras
  5 alligators
  5 boulder beetles
  3 radroaches
  8 death scarabs (Spider:4)
  A spectral frost giant (D:15)
  A centaur warrior (D:14)
  3 tengu warriors
  10 two-headed ogres
  8 demonic crawlers
  2 large abominations (Lair:5)
  3 thrashing horrors (Lair:5)
  Nergalle (Lair:3)
  Sonja (Lair:1)
  A skyshark (Lair:3)
  9 spriggans
  9 goliath frogs
  10 pharaoh ants
  A spectral spark wasp (D:15)
  A spriggan druid (Swamp:3)
  A spectral wolf spider (Spider:4)
  3 wolf spider zombies
  2 swamp dragons
  12 orb spiders
  A spectral jorogumo (Spider:4)
  5 bog bodies
  An orc knight (Orc:2)
  2 deep elf pyromancers
  7 steelbarb worms
  A fire giant zombie (D:15)
  2 broodmother zombies (Spider:4)
  16 wolf spiders
  A frost giant zombie (D:15)
  4 will-o-the-wisps
  24 ugly things
  11 orc sorcerers (Orc:2)
  7 cyclopes
  3 moths of wrath
  A manticore (D:13)
  Maurice (D:8)
  3 black mambas
  7 elephants
  4 salamanders (D:14)
  A centaur zombie (D:12)
  Joseph (D:7)
  A molten gargoyle (Lair:1)
  2 gargoyles
  4 spectral redbacks (Spider:4)
  2 torpor snails
  3 smoke demons (Lair:5)
  Maggie (D:8)
  A spriggan zombie (D:15)
  3 rime drakes
  6 komodo dragons
  15 cane toads
  A redback zombie (Spider:4)
  2 kobold demonologists
  A spectral glowing shapeshifter (D:15)
  4 trolls
  7 meliai
  13 tyrant leeches
  30 blink frogs
  An ettin zombie (D:15)
  3 spectral jumping spiders (Spider:4)
  7 hornets
  A spectral culicivora (Spider:4)
  A spectral tarantella (Spider:4)
  23 tarantellas
  3 dream sheep (Lair:3)
  A raiju (Lair:5)
  25 jumping spiders
  17 slime creatures
  2 shadows
  4 wraiths
  24 yaks
  A centaur simulacrum (D:15)
  19 culicivoras
  3 wyverns
  2 ynoxinuls (Lair:5)
  A steam dragon (D:8)
  Eustachio (D:4)
  A hog (Swamp:2)
  4 basilisks
  2 chaos spawn (Lair:5)
  7 vampire mosquitoes
  12 swamp worms
  51 redbacks
  4 wargs
  2 acid dragons
  13 water moccasins
  Duvessa (D:7)
  A sky beast (D:7)
  15 ogres
  5 black bears
  11 orc warriors
  2 ice beasts
  A spriggan simulacrum (D:15)
  6 wolves (Lair:5)
  6 centaurs
  2 phantoms (D:5)
  2 kobold brigands
  9 bullfrogs
  3 scorpions
  10 small abominations (Lair:5)
  4 wights (D:7)
  Dowan (D:7)
  14 killer bees
  8 howler monkeys
  An electric eel (Lair:1)
  3 jellies
  A lava snake (Lair:1)
  2 hounds
  8 orc priests
  2 gnoll boudas
  2 sleepcaps
  Natasha (thrice) (D:3)
  4 iguanas
  4 hell rats (Lair:5)
  37 orc wizards
  2 mummies (Ossuary)
  8 gnolls
  9 adders
  A white imp (D:5)
  2 ufetubi
  2 dart slugs (D:1)
  A worm (D:6)
  72 orcs
  7 ball pythons
  8 endoplasms
  A giant cockroach (D:4)
  4 gnoll zombies (Ossuary)
  8 goblins
  2 hobgoblins (D:2)
  11 jackals
  8 quokkas
  6 bats
  A frilled lizard (D:1)
  4 goblin zombies (Ossuary)
  3 hobgoblin zombies (Ossuary)
  16 kobolds
  3 orc zombies (Ossuary)
  3 rats
952 creatures vanquished.

Vanquished Creatures (collateral kills)
  A warg (Orc:2)
1 creature vanquished.

Vanquished Creatures (others)
  A tarantella (Spider:2)
  4 humans (Swamp:2)
  4 foxfires (Swamp:3)
9 creatures vanquished.

Grand Total: 962 creatures vanquished

Notes
Turn   | Place    | Note
-------+----------+-------------------------------------------
     0 | D:5      | GordonOverkill the Kobold Delver began the quest for the
                  | Orb.
     0 | D:5      | Reached XP level 1. HP: 14/14 MP: 1/1
    76 | D:5      | Noticed a phantom
   182 | D:7      | Noticed an ogre
   231 | D:6      | Found Uzynkot's General Store.
   266 | D:6      | Identified the +1 broad axe of the Original Sin {vamp, MP+9
                  | Str+3 Int+2}
   352 | D:6      | Noticed a jelly
   407 | D:6      | Noticed an iguana
   421 | D:6      | Noticed a sleepcap
   491 | D:6      | Found a snail-covered altar of Cheibriados.
   605 | D:4      | Noticed a scorpion
   647 | D:4      | Found a sand-covered staircase.
   652 | Ossuary  | Entered an ossuary
   791 | Ossuary  | Reached XP level 2. HP: 19/19 MP: 3/3
   835 | Ossuary  | Reached skill level 1 in Hexes
   852 | Ossuary  | Reached skill level 1 in Spellcasting
   934 | Ossuary  | Reached XP level 3. HP: 6/23 MP: 5/5
  1034 | Ossuary  | Learned a level 2 spell: Ensorcelled Hibernation
  1233 | D:4      | Reached XP level 4. HP: 22/28 MP: 7/7
  1242 | D:4      | Killed a scorpion
  1243 | D:4      | Reached XP level 5. HP: 33/33 MP: 8/8
  1311 | D:3      | Noticed Natasha
  1451 | D:3      | Found Qihaofu's Armour Shoppe.
  2486 | D:1      | Found a faded altar of an unknown god.
  2691 | D:1      | Reached XP level 6. HP: 34/38 MP: 10/10
  2789 | D:1      | Learned a level 2 spell: Jinxbite
  3399 | D:3      | Killed Natasha
  3404 | D:3      | Noticed Natasha
  3408 | D:3      | Killed Natasha
  3792 | D:3      | Noticed Natasha
  3797 | D:3      | Killed Natasha
  3798 | D:3      | Reached skill level 1 in Conjurations
  3804 | D:3      | Learned a level 5 spell: Irradiate
  3905 | D:4      | Identified the +2 buckler of the Earth {Will++}
  3907 | D:4      | Noticed an ogre
  3939 | D:4      | Killed an ogre
  3940 | D:4      | Reached skill level 2 in Conjurations
  3940 | D:4      | Reached XP level 7. HP: 43/43 MP: 11/11
  4112 | D:4      | Found a runed translucent gate.
  4118 | D:4      | Found a runed translucent gate.
  4211 | D:4      | Found a runed translucent gate.
  4211 | D:4      | Noticed Vontreibholz's ghost (novice HOFi)
  4247 | D:4      | Found a hide-covered altar of Uskayaw.
  4284 | D:4      | Reached skill level 3 in Conjurations
  4403 | D:4      | Noticed Eustachio
  4512 | D:4      | Killed Eustachio
  4513 | D:4      | Reached skill level 4 in Conjurations
  5011 | D:5      | Reached skill level 5 in Conjurations
  5011 | D:5      | Reached XP level 8. HP: 27/48 MP: 1/12
  5186 | D:5      | Found a sparkling altar of Nemelex Xobeh.
  5275 | D:3      | Bought the +4 leather armour of Objectivity {Rampage rPois
                  | rF+ rN+ Regen+} for 532 gold pieces
  5528 | D:5      | Reached skill level 6 in Conjurations
  5871 | D:5      | Reached skill level 5 in Short Blades
  5871 | D:5      | Reached skill level 1 in Shields
  6343 | D:6      | Found Oggatouj's Antique Armour Boutique.
  7106 | D:7      | Reached XP level 9. HP: 52/52 MP: 10/13
  7143 | D:7      | Found a staircase to the Ecumenical Temple.
  7170 | Temple   | Entered the Ecumenical Temple
  7324 | Temple   | Became a worshipper of Sif Muna the Loreminder
  7545 | D:7      | Learned a level 3 spell: Dazzling Flash
  7585 | D:7      | Reached skill level 5 in Shields
  7607 | D:7      | Noticed Duvessa
  7608 | D:7      | Noticed Dowan
  7610 | D:7      | Killed Duvessa
  7617 | D:7      | Killed Dowan
  7727 | D:7      | Noticed Joseph
  7743 | D:7      | Killed Joseph
  8269 | D:7      | Reached skill level 1 in Transmutations
  8424 | D:7      | Reached XP level 10. HP: 56/56 MP: 14/14
  8443 | D:7      | Identified the +7 dagger "Pemoe" {vamp, Will+ Str+3 Stlth+}
  8583 | D:8      | Reached * piety under Sif Muna
  8790 | D:8      | Noticed Maurice
  8803 | D:8      | Killed Maurice
  8804 | D:8      | Reached skill level 5 in Transmutations
  8934 | D:8      | Found a broken altar of Ashenzari.
  9001 | D:8      | Found a staircase to the Lair.
  9046 | D:8      | Noticed Maggie
  9051 | D:8      | Noticed an elephant
  9068 | D:8      | Killed Maggie
  9278 | D:8      | Killed an elephant
  9633 | D:8      | Found a sacrificial altar of Ru.
  9670 | D:8      | Reached skill level 5 in Spellcasting
  9715 | D:8      | Reached skill level 1 in Invocations
  9808 | D:8      | Found a stormy altar of Qazlal.
 10034 | D:8      | Found a transporter.
 10035 | D:8      | Found a transporter.
 10333 | D:9      | Noticed a two-headed ogre
 10615 | D:8      | Reached skill level 5 in Invocations
 10631 | D:8      | Reached skill level 1 in Evocations
 10700 | D:8      | Reached XP level 11. HP: 61/61 MP: 8/18
 10793 | D:9      | Reached ** piety under Sif Muna
 10904 | D:9      | Killed a two-headed ogre
 10951 | D:9      | Found an ancient bone altar of Kikubaaqudgha.
 11016 | D:9      | Reached skill level 5 in Hexes
 11216 | D:9      | Found a blossoming altar of Fedhas.
 11276 | D:9      | Noticed a soul eater
 11508 | D:9      | Found a staircase to the Orcish Mines.
 11610 | D:9      | Found a glowing golden altar of the Shining One.
 11645 | D:9      | Gained mutation: You expend magic power (3 MP) to
                  | strengthen your wands. [potion of mutation]
 11645 | D:9      | Gained mutation: Your spells are a little easier to cast,
                  | but a little less powerful. [potion of mutation]
 11653 | D:9      | Reached skill level 5 in Ice Magic
 11786 | D:10     | Entered Level 10 of the Dungeon
 11800 | D:10     | Noticed a two-headed ogre
 11829 | D:10     | Killed a two-headed ogre
 11830 | D:10     | Reached skill level 5 in Fighting
 12236 | D:10     | Noticed a two-headed ogre
 12246 | D:10     | Killed a two-headed ogre
 12608 | D:10     | Found a bloodstained altar of Trog.
 12906 | D:11     | Noticed a boulder beetle
 13042 | D:11     | Killed a boulder beetle
 13217 | D:11     | Noticed a two-headed ogre
 13220 | D:11     | Killed a two-headed ogre
 13508 | D:11     | Reached skill level 10 in Short Blades
 13529 | D:11     | Reached XP level 12. HP: 68/68 MP: 19/19
 13750 | D:11     | Noticed a two-headed ogre
 13753 | D:11     | Killed a two-headed ogre
 14083 | D:12     | Noticed a two-headed ogre
 14091 | D:12     | Noticed a two-headed ogre
 14114 | D:11     | Killed a two-headed ogre
 14168 | D:12     | Killed a two-headed ogre
 14169 | D:12     | Reached skill level 10 in Dodging
 14305 | D:12     | Noticed a two-headed ogre
 14307 | D:12     | Killed a two-headed ogre
 14307 | D:12     | Reached *** piety under Sif Muna
 14308 | D:12     | Reached skill level 7 in Conjurations
 14341 | D:12     | Found a runed translucent gate.
 14342 | D:12     | Found a runed translucent gate.
 14342 | D:12     | Noticed Wonecvov's ghost (journeyman DsBe)
 14343 | D:12     | Found a runed translucent gate.
 14344 | D:12     | Found a basalt altar of Yredelemnul.
 14352 | D:12     | Reached skill level 8 in Conjurations
 14555 | Lair:1   | Entered Level 1 of the Lair of Beasts
 14643 | Lair:1   | Reached skill level 9 in Conjurations
 14959 | Lair:1   | Identified the +2 scale mail "Teqet" {Drain rPois SInv
                  | Stlth+}
 15086 | Lair:1   | Reached skill level 10 in Conjurations
 15135 | Lair:1   | Reached XP level 13. HP: 64/72 MP: 2/20
 15553 | Lair:1   | Noticed Sonja
 15559 | Lair:1   | Killed Sonja
 15729 | Lair:1   | Reached **** piety under Sif Muna
 16148 | Lair:2   | Found a staircase to the Swamp.
 16324 | D:6      | Bought a pair of gloves for 76 gold pieces
 16324 | D:6      | Bought a pair of boots for 76 gold pieces
 16413 | D:6      | Bought a scroll of enchant weapon for 97 gold pieces
 16413 | D:6      | Bought a scroll of enchant armour for 97 gold pieces
 17333 | Lair:3   | Reached skill level 10 in Transmutations
 17511 | Lair:3   | Found a hole to the Spider Nest.
 17646 | Lair:3   | Noticed Nergalle
 17649 | Lair:3   | Killed Nergalle
 18075 | Lair:3   | Noticed a seven-headed hydra
 18077 | Lair:3   | Killed a seven-headed hydra
 18493 | Lair:3   | Learned a level 8 spell: Maxwell's Capacitive Coupling
 18498 | Lair:3   | Learned a level 4 spell: Cause Fear
 19357 | Lair:4   | Noticed an eight-headed hydra
 19440 | Lair:4   | You fall into a shaft and drop 1 floor!
 19440 | Lair:5   | Entered Level 5 of the Lair of Beasts
 19606 | Lair:5   | Learned a level 4 spell: Petrify
 19705 | Lair:5   | Reached skill level 1 in Earth Magic
 19705 | Lair:5   | Reached XP level 14. HP: 78/78 MP: 27/27
 20320 | Lair:4   | Reached skill level 10 in Spellcasting
 20689 | Lair:5   | Reached skill level 5 in Earth Magic
 20703 | Lair:5   | Reached skill level 1 in Long Blades
 20976 | Lair:5   | Found a staircase to the Slime Pits.
 20977 | Lair:5   | Found a viscous altar of Jiyva.
 21202 | Lair:5   | Reached ***** piety under Sif Muna
 21525 | Lair:5   | Identified Yxzoal's Atlas of the Telluric Graveyard (Sif
                  | Muna gifted it to you on level 5 of the Lair of Beasts)
 21525 | Lair:5   | Received a gift from Sif Muna
 21526 | Lair:5   | Reached skill level 11 in Conjurations
 22076 | Lair:5   | Found a corrupted altar of Lugonu.
 22077 | Lair:5   | Found a one-way gate to the infinite horrors of the Abyss.
 23022 | D:12     | Killed Wonecvov's ghost
 23367 | D:13     | Reached skill level 5 in Long Blades
 23426 | D:13     | Found a gate to the Vaults.
 23433 | D:13     | Reached XP level 15. HP: 82/82 MP: 29/29
 23640 | D:13     | Reached skill level 12 in Conjurations
 25594 | D:13     | HP: 3/82 [white ugly thing (26)]
 26507 | D:14     | Found the +3 salamander hide armour {Flames, rFlCloud rF++
                  | rC--}
 26781 | D:15     | Entered Level 15 of the Dungeon
 26873 | D:15     | Found a runed translucent gate.
 26874 | D:15     | Found a runed translucent gate.
 26875 | D:15     | Found a runed translucent gate.
 27287 | D:15     | Found a staircase to the Depths.
 27287 | D:15     | Noticed a frost giant
 27294 | D:15     | Killed a frost giant
 27307 | D:15     | Reached skill level 10 in Long Blades
 27616 | D:15     | Gained mutation: Your body sometimes deteriorates upon
                  | taking damage. [mutagenic glow]
 27628 | D:14     | Gained mutation: You are frail. (-10% HP) [mutagenic glow]
 27642 | D:14     | Lost mutation: Your spells are a little easier to cast, but
                  | a little less powerful. [mutagenic glow]
 27730 | D:14     | Lost mutation: You are frail. (-10% HP) [potion of
                  | mutation]
 27730 | D:14     | Lost mutation: You expend magic power (3 MP) to strengthen
                  | your wands. [potion of mutation]
 27730 | D:14     | Gained mutation: You possess an exceptional clarity of
                  | mind. [potion of mutation]
 27730 | D:14     | Gained mutation: You occasionally lose the ability to read
                  | scrolls when taking damage. [potion of mutation]
 27730 | D:14     | Gained mutation: Your magical capacity is low. (-10% MP)
                  | [potion of mutation]
 27730 | D:14     | Gained mutation: Your muscles are strong. (Str +4, Int/Dex
                  | -1) [potion of mutation]
 27731 | D:14     | Lost mutation: Your magical capacity is low. (-10% MP)
                  | [potion of mutation]
 27731 | D:14     | Lost mutation: You occasionally lose the ability to read
                  | scrolls when taking damage. [potion of mutation]
 27731 | D:14     | Lost mutation: Your body sometimes deteriorates upon taking
                  | damage. [potion of mutation]
 27731 | D:14     | Gained mutation: You have a somewhat thin skeletal
                  | structure. (Dex +2, Stealth+) [potion of mutation]
 27731 | D:14     | Gained mutation: You have hidden genetic potential. [potion
                  | of mutation]
 27843 | D:15     | Gained mutation: You are dopey. (Int -2) [mutagenic glow]
 27844 | D:15     | Received a gift from Sif Muna
 27845 | D:15     | Reached XP level 16. HP: 69/87 MP: 9/30
 28115 | D:15     | Noticed Foiz Zao's ghost (journeyman DrMo)
 28190 | D:15     | Killed Foiz Zao's ghost
 28280 | D:15     | Identified the +1 helmet "Sennul" {rF+ Regen+ Int+3 Dex+2
                  | SInv}
 28613 | Orc:1    | Entered Level 1 of the Orcish Mines
 29213 | Orc:2    | Entered Level 2 of the Orcish Mines
 29770 | Orc:2    | Noticed Jorgrun
 29804 | Orc:2    | Killed Jorgrun
 29958 | Orc:2    | Found a staircase to the Elven Halls.
 30430 | Orc:2    | Found an ancient bone altar of Kikubaaqudgha.
 30518 | Orc:2    | Noticed Erolcha
 30538 | Orc:2    | Killed Erolcha
 30624 | Orc:2    | Received a gift from Sif Muna
 30685 | Orc:2    | Found Afyekex's Book Boutique.
 30868 | Orc:2    | Bought a book of Annihilations for 900 gold pieces
 30871 | Orc:2    | Found Zuyg's Distillery.
 30881 | Orc:2    | Found Posha's Antique Weapon Shop.
 30899 | Orc:2    | Found a radiant altar of Vehumet.
 30936 | Orc:2    | Found Umead's Antique Armour Boutique.
 31205 | Spider:1 | Entered Level 1 of the Spider Nest
 32253 | Spider:1 | Identified the +1 robe of Bokozih {rElec}
 32656 | Spider:2 | Reached skill level 10 in Hexes
 32723 | Spider:2 | Gained mutation: You are robust. (+10% HP) [hidden
                  | potential]
 33064 | Spider:2 | Reached XP level 17. HP: 63/106 MP: 2/31
 33075 | Spider:2 | Gained mutation: You are vulnerable to cold. (rC-)
                  | [mutagenic glow]
 33897 | Spider:2 | Received a gift from Sif Muna
 33947 | Spider:2 | Learned a level 7 spell: Orb of Destruction
 34324 | Spider:2 | Reached skill level 10 in Fighting
 34697 | Spider:2 | Found a runed translucent gate.
 34697 | Spider:2 | Found a runed translucent gate.
 34698 | Spider:2 | Found a runed translucent gate.
 34698 | Spider:2 | Noticed Vitacs's ghost (adept DrIE)
 34699 | Spider:2 | Noticed Ulaiz's ghost (adept OpSu)
 35209 | Spider:2 | Noticed kuniqs's ghost (adept VSBe)
 35210 | Spider:2 | Noticed Hutybuo's ghost (adept HuCj)
 35462 | Spider:3 | Reached skill level 13 in Conjurations
 35499 | Spider:3 | Noticed Agnes
 35504 | Spider:3 | Killed Agnes
 36139 | Spider:3 | Noticed Arachne
 36148 | Spider:3 | Killed Arachne
 36364 | Spider:3 | Reached skill level 14 in Conjurations
 36502 | Spider:3 | Gained mutation: You have a pair of small horns on your
                  | head. [hidden potential]
 36502 | Spider:3 | Lost mutation: You have hidden genetic potential. [hidden
                  | potential expressed]
 37546 | Spider:4 | Entered Level 4 of the Spider Nest
 37569 | Spider:4 | Upgraded the game from 0.31-a0-806-g0bc164a743 to
                  | 0.31-a0-816-gd61d57ddb1
 38837 | Spider:4 | Reached skill level 15 in Conjurations
 39721 | Spider:4 | Reached XP level 18. HP: 104/117 MP: 8/32
 41021 | Spider:4 | Identified Sif Muna's Meditations on Shaping and the
                  | Comitatus (Sif Muna gifted it to you on level 4 of the
                  | Spider Nest)
 41021 | Spider:4 | Received a gift from Sif Muna
 41328 | Spider:4 | Gained mutation: You do not regenerate when monsters are
                  | visible. [mutagenic glow]
 41533 | Spider:4 | Lost mutation: You are robust. (+10% HP) [potion of
                  | mutation]
 41533 | Spider:4 | Lost mutation: You are vulnerable to cold. (rC-) [potion of
                  | mutation]
 41533 | Spider:4 | Gained mutation: You have hidden genetic defects. [potion
                  | of mutation]
 41533 | Spider:4 | Lost mutation: You are dopey. (Int -2) [potion of mutation]
 41533 | Spider:4 | Lost mutation: You do not regenerate when monsters are
                  | visible. [potion of mutation]
 41534 | Spider:4 | Lost mutation: You possess an exceptional clarity of mind.
                  | [potion of mutation]
 41534 | Spider:4 | Lost mutation: You have a somewhat thin skeletal structure.
                  | (Dex +2, Stealth+) [potion of mutation]
 41534 | Spider:4 | Lost mutation: You have hidden genetic defects. [potion of
                  | mutation]
 41534 | Spider:4 | Gained mutation: Your body sometimes deteriorates upon
                  | taking damage. [potion of mutation]
 41534 | Spider:4 | Gained mutation: You have large cloven feet. [potion of
                  | mutation]
 41686 | Spider:4 | Lost mutation: You have a pair of small horns on your head.
                  | [potion of mutation]
 41686 | Spider:4 | Lost mutation: Your muscles are strong. (Str +4, Int/Dex
                  | -1) [potion of mutation]
 41686 | Spider:4 | Gained mutation: You have an increased reservoir of magic.
                  | (+10% MP) [potion of mutation]
 41686 | Spider:4 | Gained mutation: You are clumsy. (Dex -2) [potion of
                  | mutation]
 41686 | Spider:4 | Gained mutation: You have a somewhat thin skeletal
                  | structure. (Dex +2, Stealth+) [potion of mutation]
 42024 | Spider:4 | Reached skill level 16 in Conjurations
 44302 | Spider:4 | Got a gossamer rune of Zot
 44970 | Spider:4 | Gained mutation: You are weak. (Str -2) [mutagenic glow]
 44988 | Spider:4 | Gained mutation: You occasionally shout uncontrollably at
                  | your foes. [mutagenic glow]
 45120 | Spider:4 | Lost mutation: You occasionally shout uncontrollably at
                  | your foes. [potion of mutation]
 45120 | Spider:4 | Lost mutation: You are weak. (Str -2) [potion of mutation]
 45120 | Spider:4 | Lost mutation: You have large cloven feet. [potion of
                  | mutation]
 45120 | Spider:4 | Gained mutation: You are robust. (+10% HP) [potion of
                  | mutation]
 45120 | Spider:4 | Gained mutation: You are somewhat resistant to further
                  | mutation. [potion of mutation]
 46203 | Swamp:1  | Entered Level 1 of the Swamp
 46415 | Swamp:1  | Learned a level 5 spell: Borgnjor's Vile Clutch
 46699 | Swamp:1  | Reached skill level 1 in Necromancy
 48226 | Swamp:1  | Reached skill level 5 in Necromancy
 48227 | Swamp:1  | HP: 5/121 [acid (5)]
 48331 | Swamp:1  | Identified Syehi's Quarto of the Glacier and the Squall
                  | (Sif Muna gifted it to you on level 1 of the Swamp)
 48331 | Swamp:1  | Received a gift from Sif Muna
 48598 | Swamp:1  | Noticed Roxanne
 49513 | Swamp:1  | Killed Roxanne
 49514 | Swamp:1  | Reached XP level 19. HP: 116/125 MP: 6/38
 50738 | Swamp:2  | Noticed Kirke
 50741 | Swamp:2  | Killed Kirke
 50917 | Swamp:2  | You fall into a shaft and drop 1 floor!
 51234 | Swamp:3  | Noticed Bai Suzhen
 51246 | Swamp:2  | Reached skill level 17 in Conjurations
 52336 | Swamp:2  | Noticed Frances
 52339 | Swamp:2  | Killed Frances
 54675 | Swamp:3  | Killed from afar by Bai Suzhen

Illustrated notes

Levels and vault maps discovered:
D:1:      nagdon_arrival_double_spiral, layout_loops_ring,
          shapermc_ecumenical_altar_hornbeckon, minmay_misc_feat_iff
D:2:      layout_rooms
D:3:      layout_loops_corners, serial_shops, shop, uniq_natasha
D:4:      layout_rooms, mainiacjoe_overflow_chevrons, gammafunk_ghost_split,
          nicolae_ossuary_entry_false_entrances, uniq_eustachio
D:5:      minmay_thinvault, layout_cave_pools, nemelex_diamond_rough_becter
D:6:      layout_cave_pools, slow_altar_2, serial_shops, shop,
          nicolae_take_the_stairs
D:7:      layout_cave_pods, minmay_temple_entry_statues_pillars, uniq_duvessa,
          uniq_joseph
D:8:      gammafunk_boulding_lane, layout_cave_pools,
          mainiacjoe_overflow_small_starburst, kennysheep_mini,
          mainiacjoe_overflow_brackets, david_lair_generic, roderic_lattice_a,
          uniq_maggie, uniq_maurice
D:9:      layout_basic, fedhas_altar_4, general_overflow_altar,
          kiku_gazebo_pond_becter, david_orc_4
D:10:     layout_loops_cross, lemuel_crystal_altar
D:11:     layout_roguey
D:12:     layout_basic, nicolae_yredelemnul_ghost_church
D:13:     layout_loops_cross, david_vaults_2, minmay_misc_feat_rugged,
          minmay_hedge_maze
D:14:     layout_rooms, hellmonk_guarded_unrand_salamander
D:15:     grunt_enter_depths_snipers, layout_loops_ring,
          gammafunk_ghost_necromancy, serial_bayou_pond_e
Temple:   hellmonk_temple_flake
Lair:1:   layout_gridlike, serial_bayou_shore_b, grunt_megastairs_1, uniq_sonja
Lair:2:   layout_hall_layers, swamp_mist, nicolae_lair_grove_arrangements
Lair:3:   layout_chaotic_city, hellmonk_spider_entry_not_the_bees, uniq_nergalle
Lair:4:   layout_cave_pods
Lair:5:   hellmonk_lair_end_abyssal_woods, layout_regular_city, slime_entry_1,
          minivault_27, lemuel_fruit_tree, grunt_megastairs_4
Swamp:1:  layout_falls_marsh, serial_swamp_ruin, evilmike_swamp_ruin_house_6,
          evilmike_swamp_ruin_rubble_1, swamp_pool1, nicolae_swamp_no_escape,
          uniq_roxanne
Swamp:2:  layout_basic_swamp, evilmike_swamp_ruin_rubble_2,
          infiniplex_staircase_pool, uniq_frances, uniq_kirke
Swamp:3:  layout_falls_marsh, hangedman_swamp_cone, st_shrine_of_shade,
          uniq_bai_suzhen
Spider:1: layout_spider_delve, nicolae_spider_baby_got_redback
Spider:2: layout_spider_delve, gammafunk_ghost_cemetery, drop_trap,
          nicolae_spider_moth_buddies
Spider:3: layout_chambers, uniq_agnes, uniq_arachne
Spider:4: floodkiller_spider_rune_tomb
Orc:1:    layout_caves
Orc:2:    kennysheep_orc_mage_school, layout_diamond_mine, uniq_jorgrun

Skill      XL: |  1  2  3  4  5  6  7  8  9 10 11 12 13 14 15 16 17 18 19 |
---------------+----------------------------------------------------------+-----
Hexes          | 1 2 3 5 10 | 10.0
Spellcasting   | 1 2 3 5 9 10 12 | 12.0
Fighting       | 4 5 7 10 11 | 11.0
Ice Magic      | 2 3 5 |  5.0
Conjurations   | 2 5 6 10 11 12 15 16 17 | 17.2
Short Blades   | 5 10 | 10.0
Shields        | 4 5 |  5.0
Dodging        | 8 10 | 10.0
Transmutations | 2 6 10 | 10.0
Invocations    | 5 |  5.0
Evocations     | 2 3 |  3.0
Stealth        | 7 |  7.0
Earth Magic    | 1 5 6 |  6.0
Long Blades    | 5 10 | 10.9
Necromancy     | 5 6 |  6.0

Action                     |  1- 3 |  4- 6 |  7- 9 | 10-12 | 13-15 | 16-18 | 19-21 || total
---------------------------+-------+-------+-------+-------+-------+-------+-------++-------
  Melee: Broad axe         |    37 |   165 |    10 |       |       |       |       ||   212
         Short sword       |     2 |       |   108 |   172 |       |       |       ||   282
         Rapier            |       |       |    49 |       |       |       |       ||    49
         Dagger            |       |       |       |   226 |   808 |   920 |     3 ||  1957
         Headbutt          |       |       |       |       |       |     4 |       ||     4
  Throw: Stone             |    13 |       |       |       |       |       |       ||    13
         Dart              |       |     7 |     1 |    17 |     1 |     2 |       ||    28
   Cast: Ensorcelled Hiber |       |     4 |    46 |   202 |   282 |   256 |     4 ||   794
         Jinxbite          |       |       |     9 |    11 |    17 |     2 |       ||    39
         Dazzling Flash    |       |       |     3 |    15 |     9 |     5 |     1 ||    33
         Cause Fear        |       |       |       |       |     3 |     1 |       ||     4
         Irradiate         |       |       |       |       |    50 |    94 |    13 ||   157
         Orb of Destructio |       |       |       |       |       |   197 |   101 ||   298
 Invoke: Channel Magic     |       |       |       |       |       |     4 |     3 ||     7
  Evoke: Wand              |     6 |     1 |    11 |    18 |    11 |     4 |       ||    51
         Tin of tremorston |       |       |       |       |     4 |     3 |       ||     7
         Box of beasts     |       |       |       |       |       |     2 |       ||     2
    Use: Scroll            |     1 |     2 |     2 |    14 |    16 |     6 |       ||    41
         Potion            |       |     1 |     2 |     5 |     3 |    18 |       ||    29
   Stab: Sleeping          |     3 |    31 |    45 |   117 |   150 |   181 |     2 ||   529
         Invisible         |       |     1 |       |     6 |     5 |       |       ||    12
         Distracted        |       |     1 |     1 |       |     3 |     6 |       ||    11
         Held in net/web   |       |       |       |       |       |     1 |       ||     1
 Armour: Leather armour    |    22 |    99 |    90 |   176 |   431 |   570 |    42 ||  1430
  Dodge: Dodged            |    21 |   134 |    85 |   311 |   561 |   773 |    26 ||  1911
  Block: Buckler           |       |       |    53 |   154 |   296 |   380 |    20 ||   903

Table legend: (Time is in decaauts)
 A = Elapsed time spent in this place.
 B = Non-inter-level travel time spent in this place.
 C = Inter-level travel time spent in this place.
 D = Time resting spent in this place.
 E = Time spent auto-exploring this place.
 F = Levels seen in this place.
 G = Mean time per level.
                   A        B        C        D        E       F      G
               +--------+--------+--------+--------+--------+-----+--------+
         Total |  54211 |  51797 |   2414 |  24008 |  18486 |  31 | 1748.7 |
       Dungeon |  20344 |  18963 |   1381 |   5375 |   8961 |  15 | 1356.3 |
        Temple |    164 |    122 |     42 |     85 |      0 |   1 |  164.0 |
          Lair |   7445 |   6889 |    556 |   1822 |   3862 |   5 | 1489.0 |
         Swamp |   8594 |   8418 |    176 |   6630 |   1143 |   3 | 2864.7 |
   Spider Nest |  14896 |  14727 |    169 |   9213 |   3445 |   4 | 3724.0 |
  Orcish Mines |   2196 |   2108 |     88 |    654 |   1034 |   2 | 1098.0 |
       Ossuary |    568 |    568 |      0 |    228 |     40 |   1 |  568.0 |
               +--------+--------+--------+--------+--------+-----+--------+

Top non-repeatable levels by time:
Spider:4: 7440 daAuts
 Swamp:1: 4511 daAuts
Spider:3: 3496 daAuts
 Swamp:2: 2651 daAuts
  Lair:5: 2252 daAuts
     D:8: 2120 daAuts
Spider:2: 1985 daAuts
Spider:1: 1974 daAuts
   Orc:2: 1803 daAuts
  Lair:1: 1655 daAuts
    D:13: 1642 daAuts
    D:14: 1615 daAuts
     D:9: 1593 daAuts
    D:15: 1497 daAuts
 Swamp:3: 1432 daAuts
